 Dungeon Crawl Stone Soup version 0.14.0-12-g87ee3b7 (webtiles) character file.

2060 CrazyArbalest the Cudgeler (level 8, -3/58 HPs)
             Began as a Demonspawn Hunter on Apr 14, 2014.
             Was a Believer of Okawaru.
             Slain by Meowch's ghost (8 damage)
             ... on Level 6 of the Dungeon.
             The game lasted 00:53:28 (5360 turns).

CrazyArbalest the Cudgeler (Demonspawn Hunter)      Turns: 5360, Time: 00:53:29

HP  -3/58        AC 13     Str 15      XL: 8   Next: 73%
MP  17/17        EV 11     Int 13      God: Okawaru [**....]
Gold 354         SH  0     Dex 13      Spells:  0 memorised,  7 levels left

rFire  . . .     SeeInvis .     b - +1 crossbow
rCold  . . .     Clarity  .     k - +2 ring mail
rNeg   . . .     Conserve .     (no shield)
rPois  .         rCorr    .     (no helmet)
rElec  .         rRot     .     u - +0 cloak
SustAb . .       Spirit   .     (no gloves)
rMut   .         Warding  .     (no boots)
Saprov . . .     Stasis   +     j - amulet of stasis
MR     .....                    (no ring)
                                l - ring of magical power

@: not resistant to hostile enchantments, very unstealthy
A: claws 1, iridescent scales 1, demonic guardian 1, powered by death 1
a: Heroism, Renounce Religion


You were on level 6 of the Dungeon.
You worshipped Okawaru.
Okawaru was pleased with you.
You were near starving.

You visited 2 branches of the dungeon, and saw 7 of its levels.
You also visited: Ossuary.

You collected 354 gold pieces.

Inventory:

Hand weapons
 a - a +2,+2 flail of protection
 b - a +1,+1 crossbow (weapon)
Missiles
 c - 25 bolts (quivered)
Armour
 k - a +2 ring mail (worn)
 u - a +0 cloak (worn)
 D - a +0 ring mail
 H - a cursed +0 ring mail
Magical devices
 x - a wand of polymorph (14) {unknown}
 y - a wand of magic darts (6)
Comestibles
 f - 5 bread rations
 h - 2 meat rations
 i - 2 chokos
Scrolls
 d - 2 scrolls of remove curse
 e - 3 scrolls of enchant weapon II
 g - 8 scrolls of identify
 m - 2 scrolls of recharging {unknown}
 n - a scroll of magic mapping {unknown}
 t - a scroll of fear {unknown}
 v - a scroll of noise {unknown}
 F - 2 scrolls of immolation {unknown}
 G - a scroll of blinking {unknown}
 M - 2 scrolls of random uselessness {unknown}
Jewellery
 j - an amulet of stasis (around neck)
 l - a ring of magical power (left claw)
Potions
 o - 3 potions of curing
 p - a potion of invisibility {unknown}
 q - a potion of flight {unknown}
 r - 3 potions of restore abilities
 s - a potion of magic {unknown}
 w - a potion of resistance {unknown}
 z - a potion of brilliance {unknown}
 A - a potion of confusion {unknown}
 B - a potion of beneficial mutation {unknown}
 C - 2 potions of berserk rage {unknown}
 I - 2 potions of agility
 K - a potion of lignification {unknown}
 L - a potion of mutation {unknown}
Books
 E - a book of Geomancy

   Spells                             Type                      Level
   Sandblast                          Earth                        1
   Stoneskin                          Transmutation/Earth          2
   Passwall                           Transmutation/Earth          3
   Stone Arrow                        Conjuration/Earth            3
   Petrify                            Transmutation/Earth          4
   Lee's Rapid Deconstruction         Earth                        5


   Skills:
 + Level 3.3 Fighting
 * Level 6.1 Maces & Flails
 + Level 5.0 Crossbows
 + Level 3.8 Armour
 + Level 5.3 Dodging
 + Level 1.0 Stealth


You had 7 spell levels left.
You didn't know any spells.

Dungeon Overview and Level Annotations

Branches:
Dungeon (6/15)             Temple (1/1) D:4

Altars:
Ashenzari
Fedhas
Makhleb
Okawaru
Vehumet
Xom
Zin

Annotations:
D:6 Meowch's ghost, experienced NaVM


Innate Abilities, Weirdness & Mutations

You have sharp fingernails.
You are partially covered in iridescent scales (AC +4).
A weak demonic guardian rushes to your aid.
You can steal the life force of nearby defeated enemies.


Message History

Meowch's ghost is almost destroyed.
The crocodile zombie bites you but does no damage.
Meowch's ghost hits you but does no damage.
The crocodile zombie bites you!
* * * LOW HITPOINT WARNING * * *
Firing (i - inventory):
c - 27 bolts (quivered)
Press: ? - help, Shift-Dir - straight line, f/p - Meowch's ghost
Aim: Meowch's ghost (almost destroyed)
You shoot a bolt. The bolt hits Meowch's ghost.
Meowch's ghost is almost destroyed.
Meowch's ghost hits you.
* * * LOW HITPOINT WARNING * * *
The crocodile zombie bites you but does no damage.
Firing (i - inventory):
c - 26 bolts (quivered)
Press: ? - help, Shift-Dir - straight line, f/p - Meowch's ghost
Aim: Meowch's ghost (almost destroyed)
You shoot a bolt. The bolt hits Meowch's ghost.
Meowch's ghost is almost destroyed.
Meowch's ghost hits you!
You die...

######### ##..<<<..##
##.........##
##....@......##
##.....pZ......##
##...............##
##.......(.........#
##...................#
##.....................#
##......#.........#.....
##......###.......###...
##......## ##.....## #.


You could see Meowch's ghost and a crocodile zombie.

Vanquished Creatures
  Menkaure (D:6)
  A water moccasin (D:5)
  An ice beast (D:5)
  2 ogres (D:5)
  9 scorpions
  A goliath beetle (D:6)
  2 centaur zombies (Ossuary)
  A hound (D:4)
  Crazy Yiuf (D:2)
  2 orc priests (D:5)
  2 human zombies (Ossuary)
  An iguana (D:4)
  8 worker ants
  An orc wizard (D:4)
  2 big kobold zombies (Ossuary)
  Ijyb (D:2)
  Jessica (D:3)
  4 mummies
  3 adders (D:4)
  A scorpion zombie (Ossuary)
  2 worms
  A giant mite (D:6)
  20 orcs
  A bat skeleton (D:4)
  4 giant cockroaches
  3 gnoll zombies (Ossuary)
  10 hobgoblins
  A ball python (D:5)
  8 bats
  2 giant geckos
  9 giant newts
  12 goblins
  A goblin skeleton (D:4)
  3 goblin zombies (Ossuary)
  A hobgoblin zombie (Ossuary)
  13 jackals
  14 kobolds
  A kobold skeleton (D:4)
  4 kobold zombies (Ossuary)
  A quokka skeleton (D:4)
  5 rats
161 creatures vanquished.

Vanquished Creatures (collateral kills)
  An ogre (D:6)
  A worker ant (D:6)
  A jackal (D:5)
3 creatures vanquished.

Vanquished Creatures (others)
  An ogre (D:4)
  3 crimson imps
  A quasit (D:6)
  An iron imp (Ossuary)
  2 white imps
  A bat (D:4)
  A hobgoblin (D:4)
  A hobgoblin skeleton (D:4)
  An orc zombie (Ossuary)
12 creatures vanquished.

Grand Total: 176 creatures vanquished

Notes
Turn   | Place    | Note
--------------------------------------------------------------
     0 | D:1      | CrazyArbalest, the Demonspawn Hunter, began the quest for the Orb.
     0 | D:1      | Reached XP level 1. HP: 15/15 MP: 1/1
   206 | D:1      | Reached skill level 4 in Crossbows
   206 | D:1      | Gained mutation: You can steal the life force of nearby defeated enemies. [demonic ancestry]
   206 | D:1      | Reached XP level 2. HP: 21/21 MP: 2/2
   880 | D:1      | Gained mutation: You have sharp fingernails. [demonic ancestry]
   880 | D:1      | Reached XP level 3. HP: 24/26 MP: 3/3
   969 | D:2      | Noticed Crazy Yiuf
   981 | D:2      | Killed Crazy Yiuf
   981 | D:2      | Reached skill level 1 in Armour
   981 | D:2      | Reached skill level 1 in Stealth
  1044 | D:2      | Noticed Ijyb
  1056 | D:2      | Killed Ijyb
  1056 | D:2      | Reached skill level 1 in Maces & Flails
  1056 | D:2      | Reached XP level 4. HP: 32/32 MP: 4/4
  1554 | D:3      | Found a radiant altar of Vehumet.
  1640 | D:3      | Noticed Jessica
  1650 | D:3      | Killed Jessica
  1985 | D:3      | Found a blossoming altar of Fedhas.
  1985 | D:3      | Found a glowing silver altar of Zin.
  2441 | D:4      | Gained mutation: You are partially covered in iridescent scales (AC +4). [demonic ancestry]
  2441 | D:4      | Reached XP level 5. HP: 12/37 MP: 5/5
  2611 | D:4      | Killed an ogre
  2792 | D:4      | Reached XP level 6. HP: 39/43 MP: 6/6
  3001 | D:4      | Found a staircase to the Ecumenical Temple.
  3011 | Temple   | Entered the Ecumenical Temple
  3015 | Temple   | Became a worshipper of Warmaster Okawaru
  3332 | D:5      | Entered Level 5 of the Dungeon
  3477 | D:5      | Reached XP level 7. HP: 39/48 MP: 7/7
  3608 | D:5      | Found a shattered altar of Ashenzari.
  3692 | D:5      | Noticed a water moccasin
  3699 | D:5      | Killed a water moccasin
  3742 | D:5      | Found a sand-covered staircase.
  3762 | Ossuary  | Entered an ossuary
  3820 | Ossuary  | Acquired Okawaru's first power
  4115 | Ossuary  | Gained mutation: A weak demonic guardian rushes to your aid. [demonic ancestry]
  4115 | Ossuary  | Reached XP level 8. HP: 51/57 MP: 8/8
  4248 | Ossuary  | Reached skill level 5 in Maces & Flails
  4260 | Ossuary  | Reached skill level 5 in Crossbows
  4740 | D:5      | Reached skill level 5 in Dodging
  5017 | D:6      | Noticed Menkaure
  5192 | D:6      | Killed Menkaure
  5192 | D:6      | Reached skill level 6 in Maces & Flails
  5323 | D:6      | Noticed Meowch's ghost (experienced NaVM)
  5360 | D:6      | Slain by Meowch's ghost

Action                   |  1- 3 |  4- 6 |  7- 9 || total
-------------------------+-------+-------+-------++-------
Melee: Whip              |    49 |       |       ||    49
       Short sword       |    30 |       |       ||    30
       Hammer            |     2 |    66 |       ||    68
       Flail             |       |   142 |   299 ||   441
 Fire: Crossbow          |    32 |    27 |    64 ||   123
  Use: Potion            |     3 |       |     1 ||     4
       Scroll            |       |     4 |     1 ||     5
 Stab: Sleeping          |     1 |       |       ||     1
